 Dungeon Crawl Stone Soup version 0.21.1-1-g345015f (webtiles) character file.

121279 JeffiDaFish the Earth Mage (level 16, -4/115 HPs)
             Began as a Gargoyle Earth Elementalist on Feb 18, 2018.
             Was the Champion of Vehumet.
             Slain by a large abomination (21 damage)
             ... while paralysed by accursed screaming
             ... on level 2 of the Abyss.
             The game lasted 02:22:31 (32608 turns).

JeffiDaFish the Earth Mage (GrEE)                  Turns: 32608, Time: 02:22:31

Health: -4/115     AC: 30    Str: 20 (21) XL:     16   Next: 84%
Magic:  13/34      EV:  2    Int: 24 (25) God:    Vehumet [******]
Gold:   669        SH:  0    Dex:  8      Spells: 8/43 levels left

rFire    . . .     SeeInvis +   m - +9 flail (elec)
rCold    + . .     Gourm    .   C - +3 buckler
rNeg     + . .     Faith    +   H - +1 leather armour "Damnable Contraption" {rElec rC+ Str+3}
rPois    ∞         Spirit   .   E - +2 helmet
rElec    +         Reflect  .   F - +2 cloak {rPois}
rCorr    .         Harm     .   a - +2 pair of gloves
MR       +....                  A - +0 pair of boots
Stlth    ..........             r - amulet of faith
HPRegen  0.29/turn              c - +3 ring of intelligence
MPRegen  0.24/turn              G - ring of Satyriasis {rPois AC+3 Str+4 Int+2 SInv}

@: paralysed, berserking, about to teleport, flying
A: big wings, claws 1, camouflage 1, [blurry vision 1], clever 1, clumsy 1,
[deterioration 2], [dopey 2], [frail 2], negative energy resistance 1,
electricity resistance, weak 1[+1], unbreathing, petrification resistance, rot
immunity, MP-powered wands, AC +12
a: Stop Flying, Renounce Religion


You were on level 2 of the Abyss.
You worshipped Vehumet.
Vehumet was exalted by your worship.
You were hungry.

You visited 7 branches of the dungeon, and saw 27 of its levels.
You visited the Abyss 1 time.
You also visited: Labyrinth, Sewer and Wizlab.

You collected 2508 gold pieces.
You spent 1839 gold pieces at shops.

Inventory:

Hand Weapons
 m - a +9 flail of electrocution (weapon)
Missiles
 b - 317 stones (quivered)
Armour
 a - a +2 pair of gloves (worn)
 l - the +0 robe "Rocusup" {+Blink rF+ rCorr Int+2}
   (You found it on level 3 of the Lair of Beasts)

   It affects your intelligence (+2).
   It protects you from fire.
   It lets you blink.
   It protects you from acid and corrosion.
 o - the +5 ring mail of Temperance {Str+2}
   (You took it off a kobold on level 14 of the Dungeon)

   It affects your strength (+2).
 A - a +0 pair of boots (worn)
 C - a +3 buckler (worn)
 E - a +2 helmet (worn)
 F - a +2 cloak of poison resistance (worn)
 H - the +1 leather armour "Damnable Contraption" (worn) {rElec rC+ Str+3}
   (You found it in a labyrinth)

   It affects your strength (+3).
   It protects you from cold.
   It insulates you from electricity.
 O - the +0 cloak "Erahe" {rC++ MR+}
   (You bought it in a shop on level 2 of the Orcish Mines)

   It greatly protects you from cold.
   It affects your resistance to hostile enchantments.
Magical Staves
 w - an uncursed staff of poison
Jewellery
 c - a +3 ring of intelligence (left hand)
 q - an uncursed ring of resist corrosion
 r - an amulet of faith (around neck)
 G - the ring of Satyriasis (right hand) {rPois AC+3 Str+4 Int+2 SInv}
   (You found it in a labyrinth)

   [ring of protection]

   It affects your AC (+3).
   It affects your strength (+4).
   It affects your intelligence (+2).
   It protects you from poison.
   It lets you see invisible.
Wands
 u - a wand of clouds (9)
 y - a wand of iceblast (21)
 B - a wand of acid (8)
Scrolls
 e - 3 scrolls of enchant weapon
 f - a scroll of silence
 j - 13 scrolls of remove curse
 n - 13 scrolls of identify
 p - 2 scrolls of magic mapping
 s - 7 scrolls of teleportation
 t - 4 scrolls of blinking
 z - 3 scrolls of enchant armour
 D - 4 scrolls of fear
 K - 2 scrolls of holy word
 M - a scroll of amnesia
Potions
 g - 6 potions of curing
 h - 7 potions of brilliance
 i - a potion of heal wounds
 k - 4 potions of cancellation
 v - 2 potions of berserk rage
 x - a potion of magic
 J - a potion of might
 L - a potion of invisibility
 N - 2 potions of agility
Books
 I - a book of the Earth

   Spells                             Type                      Level
   a - Leda's Liquefaction            Hexes/Earth                  4
   b - Bolt of Magma                  Conjuration/Fire/Earth       5
   c - Statue Form                    Transmutation/Earth          6
   d - Iron Shot                      Conjuration/Earth            6
   e - Shatter                        Earth                        9
Comestibles
 d - 33 rations


   Skills:
 - Level 10.0 Fighting
 - Level 6.0 Maces & Flails
 - Level 6.0 Armour
 + Level 7.4 Dodging
 - Level 2.2 Stealth
 - Level 5.0 Shields
 + Level 14.0 Spellcasting
 + Level 11.8 Conjurations
   Level 0.7 Transmutations
 + Level 10.6 Fire Magic
 + Level 15.3 Earth Magic
 - Level 5.2 Poison Magic


You had 8 spell levels left.
You knew the following spells:

 Your Spells              Type           Power        Failure   Level  Hunger
a - Sandblast             Erth           ######       0%          1    None
b - Stone Arrow           Conj/Erth      ######       1%          3    None
c - Lee's Rapid Deconstr  Erth           ######....   1%          5    ###....
d - Bolt of Fire          Conj/Fire      ######....   1%          6    #####..
e - Mephitic Cloud        Conj/Pois/Air  #####...     1%          3    None
f - Blink                 Tloc           N/A          6%          2    None
g - Sticky Flame          Conj/Fire      ######..     1%          4    None
h - Bolt of Magma         Conj/Fire/Erth ######....   1%          5    ###....
i - Iron Shot             Conj/Erth      ######....   1%          6    #####..


Dungeon Overview and Level Annotations

Branches:
Dungeon (15/15)            Temple (1/1) D:5            Lair (6/6) D:11
 Shoals (1/4) Lair:2        Snake (1/4) Lair:2        Slime (0/5) Lair:6
    Orc (2/2) D:9             Elf (1/3) Orc:2        Vaults (0/5) D:13
 Depths (0/5) D:15

Altars:
Ashenzari
Cheibriados
Dithmenos
Elyvilon
Fedhas
Gozag
Hepliaklqana
Kikubaaqudgha
Nemelex Xobeh
Okawaru
Qazlal
Ru
Sif Muna
Trog
Uskayaw
Vehumet
Wu Jian
Xom
Yredelemnul
Zin
The Shining One
Beogh

Shops:
D:4 %%:   D:7 *%   D:12 *   D:13 (   D:15 ?   Orc:2 %%*!

Annotations:
Lair:3 exclusion: 4 oklob plants


Innate Abilities, Weirdness & Mutations

You are resistant to torment.
Your stone body is resilient. (AC +12)
You are immune to poison.
Your large and strong wings let you fly indefinitely.
You resist negative energy. (rN+)
You are resistant to electric shocks. (rElec)
You can survive without breathing.
You are immune to petrification.
You are immune to rotting.
You have sharp fingernails.
Your skin changes colour to match your surroundings (Stealth+).
Your mind is acute. (Int +2)
You are clumsy. (Dex -2)
You expend magic power (3 MP) to strengthen your wands.
[Scrolls take you a little longer to read.]
[Your body often deteriorates upon taking damage.]
[You are very dopey. (Int -4)]
[You are very frail. (-20% HP)]
[You are very weak. (Str -4)]


Message History

You feel your power returning.
You feel the corruption within you wane somewhat.
You feel robust.
Your body's shape seems more normal.
You feel a little less angry.
You feel a little more calm.
You feel agile.
Your Spellcasting skill increases to level 14!
The red draconian knight casts a spell at you.
The bolt of cold hits you! You resist.
Your body deteriorates!
You feel dopey. You block the raiju's attack.
You closely miss the large abomination.
The red draconian knight hits you but does no damage.
A cacophony of accursed wailing tears at your sanity!
* * * LOW HITPOINT WARNING * * *
You suddenly lose the ability to move!
A ynoxinul comes into view.
The red draconian knight hits you with a long sword!
* * * LOW HITPOINT WARNING * * *
Your body deteriorates!
You feel weakened. The raiju bites you but does no damage.
The large abomination hits you!!
You die...

..... ..# ..
..... .
###..
.).X.###
..#...
...X.x.##.
....#
XXX3s......3
X4*. ...
###q##.#
#..X@†#
#...h.##
#..h##.#.##
###.#.##.#
#. ### .#
#.#. ..## .
#. # .# #.
.... ... ##
# ..


You could see 6 starcursed masses, a red draconian knight, a wretched star, a
soul eater, a large abomination, an orb spider, 2 raiju, a ynoxinul, a chaos
spawn and a small abomination.

Vanquished Creatures
  Rupert (D:13)
  2 deep elf blademasters (Elf:1)
  A tentacled starspawn (Abyss:2)
  Kirke (D:14)
  An orc warlord (Orc:2)
  A deep elf demonologist (Elf:1)
  A deep elf annihilator (Elf:1)
  2 dire elephants
  The ghost of dylex the Fighter, a journeyman GnWn of Makhleb (D:10)
  A minotaur (Lab)
  A deep elf death mage (Elf:1)
  4 hydras
  A vault guard (D:13)
  Harold (D:10)
  The ghost of Umoon the Charmwright, a journeyman DrSk of Hepliaklqana (D:11)
  A merfolk aquamancer (Shoals:1)
  A merfolk avatar (Lair:6)
  4 two-headed ogres
  A death knight (D:15)
  3 centaur warriors
  5 dancing weapons (Elf:1)
  2 shock serpents (Snake:1)
  4 orc high priests (Orc:2)
  A thrashing horror (Abyss:2)
  2 large abominations (Abyss:2)
  3 deep elf knights
  2 wretched stars (Abyss:2)
  2 unseen horrors
  A naga ritualist (Snake:1)
  A sea snake (Shoals:1)
  A wizard (D:13)
  3 starcursed masses (Abyss:2)
  2 deep elf archers (Elf:1)
  3 necromancers
  3 orc knights (Orc:2)
  A phantasmal warrior (Abyss:2)
  8 ugly things
  22 deep elf magi (Elf:1)
  2 oklob plants (Lair:6)
  5 orc sorcerers (Orc:2)
  6 fauns (Shoals:1)
  A mana viper (Snake:1)
  A wolf spider (D:15)
  3 manticores
  A worldbinder (Abyss:2)
  A cyclops (Orc:2)
  Maurice (D:8)
  4 elephants (Lair:6)
  3 merfolk sirens (Shoals:1)
  11 black mambas
  3 naga magi (Snake:1)
  A torpor snail (Lair:6)
  12 spiny frogs
  An orange demon (Abyss:2)
  4 rime drakes
  13 komodo dragons
  An emperor scorpion zombie (Abyss:2)
  A kobold demonologist (D:11)
  2 ancient zymes (Abyss:2)
  A freezing wraith (D:14)
  3 merfolk (Shoals:1)
  2 polar bears
  A wind drake (Lair:6)
  4 trolls
  5 slime creatures (D:12)
  10 blink frogs
  Grinder (D:6)
  2 hornets
  4 raiju (Abyss:2)
  11 hippogriffs
  A centaur simulacrum (D:14)
  2 shadows
  A wraith (D:12)
  8 wyverns
  2 vampires (D:11)
  A ynoxinul (Abyss:2)
  56 yaks
  A steam dragon (Lair:3)
  2 water elementals (Shoals:1)
  A hungry ghost (D:12)
  4 basilisks
  19 humans (D:13)
  A neqoxec (Abyss:2)
  3 chaos spawn (Abyss:2)
  3 hogs (D:14)
  4 vampire mosquitoes
  2 wargs (Orc:2)
  5 nagas
  16 water moccasins
  2 soldier ants
  6 porcupines
  33 orc warriors
  3 ice beasts
  A sky beast (D:14)
  5 black bears
  12 ogres
  4 phantoms
  4 centaurs
  39 wolves
  9 crocodiles
  10 big kobolds
  A wyvern zombie (D:12)
  Blork the orc (D:6)
  An earth elemental (Elf:1)
  17 bullfrogs
  A gnoll sergeant (D:9)
  2 scorpions
  20 wights
  8 killer bees
  A howler monkey (D:6)
  2 electric eels (Lair:1)
  4 crimson imps
  4 bullfrog zombies
  2 centaur zombies
  7 hounds
  6 small abominations (Abyss:2)
  25 orc priests
  3 jellies
  Crazy Yiuf (D:3)
  A bullfrog skeleton (D:7)
  16 orc wizards
  8 hell rats (Lair:1)
  6 iguanas
  2 polar bear simulacra (D:15)
  9 worker ants
  3 yak simulacra (D:15)
  3 wolf simulacra (D:15)
  2 hound zombies
  4 gnolls (D:9)
  4 howler monkey skeletons
  11 adders
  13 river rats
  7 shadow imps
  2 white imps (Abyss:2)
  2 ufetubi (Abyss:2)
  2 oozes (Sewer)
  2 worms
  An adder skeleton (D:9)
  2 dart slugs (D:1)
  13 leopard geckos
  91 orcs
  4 giant cockroaches
  11 goblins
  3 hobgoblins
  2 jackals (D:1)
  35 kobolds
  9 quokkas
  2 ball pythons (D:3)
  8 bats
  3 frilled lizards
  A leopard gecko zombie (D:5)
  18 rats
  3 river rat simulacra (D:15)
  2 butterflies (Lair:5)
  A fungus (Elf:1)
  A starspawn tentacle (Abyss:2)
890 creatures vanquished.

Vanquished Creatures (others)
  A hippogriff (Shoals:1)
  A small abomination (Abyss:2)
  An orc (D:10)
  A bat (D:1)
  14 fungi
  22 plants
  A starspawn tentacle (Abyss:2)
41 creatures vanquished.

Grand Total: 931 creatures vanquished

Notes
Turn   | Place    | Note
-------+----------+-------------------------------------------
     0 | D:1      | JeffiDaFish the Gargoyle Earth Elementalist began the quest for the Orb.
     0 | D:1      | Reached XP level 1. HP: 10/10 MP: 3/3
    40 | D:1      | Reached skill level 4 in Earth Magic
    40 | D:1      | Reached XP level 2. HP: 13/15 MP: 0/5
   471 | D:1      | Reached XP level 3. HP: 9/19 MP: 3/6
   795 | D:1      | Learned a level 3 spell: Stone Arrow
  1062 | D:2      | Reached XP level 4. HP: 23/24 MP: 6/8
  1187 | D:2      | Reached skill level 5 in Earth Magic
  2053 | D:3      | Noticed a bullfrog
  2063 | D:3      | Killed a bullfrog
  2063 | D:3      | Reached XP level 5. HP: 14/28 MP: 3/10
  2209 | D:3      | Learned a level 5 spell: Lee's Rapid Deconstruction
  2279 | D:3      | Reached skill level 6 in Earth Magic
  2385 | D:3      | Found a deep blue altar of Sif Muna.
  2596 | D:3      | Found a runed door.
  2600 | D:3      | Noticed Crazy Yiuf
  2602 | D:3      | Killed Crazy Yiuf
  2602 | D:3      | Reached XP level 6. HP: 32/32 MP: 6/12
  3362 | D:4      | Found Massiviy's Food Emporium.
  3399 | D:4      | Reached skill level 7 in Earth Magic
  3399 | D:4      | Reached XP level 7. HP: 34/36 MP: 9/14
  3747 | D:4      | Found Qateg's Food Shoppe.
  3813 | D:4      | Found Qafagy Mopy's Book Shoppe.
  3893 | D:5      | Entered Level 5 of the Dungeon
  3909 | D:5      | Reached skill level 5 in Spellcasting
  4014 | D:5      | Found a glowing drain.
  4034 | Sewer    | Entered a sewer
  4552 | Sewer    | Reached skill level 8 in Earth Magic
  4728 | D:5      | Reached XP level 8. HP: 39/41 MP: 16/16
  4774 | D:5      | Learned a level 3 spell: Dazzling Spray
  4849 | D:5      | Found a staircase to the Ecumenical Temple.
  4884 | Temple   | Entered the Ecumenical Temple
  4893 | Temple   | Became a worshipper of Vehumet
  4910 | D:5      | Reached skill level 1 in Conjurations
  5627 | D:6      | Noticed Grinder
  5632 | D:6      | Killed Grinder
  5632 | D:6      | Reached skill level 1 in Fighting
  5632 | D:6      | Reached skill level 1 in Maces & Flails
  5649 | D:6      | Found a white marble altar of Elyvilon.
  5683 | D:6      | Found a shadowy altar of Dithmenos.
  5844 | D:6      | Noticed Blork the orc
  5848 | D:6      | Killed Blork the orc
  6068 | D:7      | Found Gozag's Platinum Reserve.
  6600 | D:7      | Reached XP level 9. HP: 44/49 MP: 16/19
  6619 | D:7      | Reached skill level 9 in Earth Magic
  6628 | D:7      | Found a bloodstained altar of Trog.
  6657 | D:7      | Found a hazy altar of Hepliaklqana.
  6676 | D:7      | Found a basalt altar of Yredelemnul.
  6725 | D:7      | Found Radghomu's Food Emporium.
  6881 | D:7      | Reached * piety under Vehumet
  6881 | D:7      | Offered knowledge of Sting by Vehumet.
  6921 | D:7      | Found an opulent altar of Gozag.
  7494 | D:8      | Found a shimmering altar of Xom.
  7639 | D:8      | Reached skill level 5 in Conjurations
  7720 | D:8      | Offered knowledge of Shock by Vehumet.
  7769 | D:8      | Noticed Maurice
  7802 | D:8      | Killed Maurice
  8284 | D:9      | Found a staircase to the Orcish Mines.
  8323 | D:9      | Reached XP level 10. HP: 27/56 MP: 19/21
  8504 | D:9      | Reached ** piety under Vehumet
  8793 | D:9      | Reached skill level 5 in Fighting
  8944 | D:9      | Offered knowledge of Throw Frost by Vehumet.
  8954 | D:9      | Learned a level 3 spell: Mephitic Cloud
  8959 | D:9      | Learned a level 2 spell: Blink
  8999 | D:9      | Reached skill level 10 in Earth Magic
  9381 | D:9      | Noticed a centaur warrior
  9390 | D:9      | Killed a centaur warrior
  9653 | D:9      | Reached *** piety under Vehumet
  9924 | D:9      | Killed an unseen horror
 10051 | D:10     | Entered Level 10 of the Dungeon
 10077 | D:10     | Noticed Harold
 10091 | D:10     | Killed Harold
 10091 | D:10     | Reached XP level 11. HP: 67/67 MP: 14/24
 10401 | D:10     | Noticed dylex's ghost (journeyman GnWn)
 10743 | D:10     | Killed dylex's ghost
 10749 | D:10     | Offered knowledge of Sticky Flame by Vehumet.
 10759 | D:10     | Learned a level 4 spell: Sticky Flame
 11208 | D:11     | Noticed a two-headed ogre
 11213 | D:11     | Killed a two-headed ogre
 11357 | D:11     | Found a staircase to the Lair.
 11409 | D:11     | Found a labyrinth entrance.
 11414 | D:11     | Reached **** piety under Vehumet
 11414 | D:11     | Reached skill level 10 in Spellcasting
 11423 | Lab      | Entered a labyrinth
 11519 | Lab      | Noticed a minotaur
 11526 | Lab      | Killed a minotaur
 11526 | Lab      | Reached skill level 11 in Earth Magic
 11534 | Lab      | Got a bound lead ring
 11536 | Lab      | Identified the +1 leather armour "Damnable Contraption" {rElec rC+ Str+3} (You found it in a labyrinth)
 11537 | Lab      | Identified the +2 ring mail "Leny" {rC- Str+9 Slay-6} (You found it in a labyrinth)
 12028 | D:11     | Offered knowledge of Inner Flame by Vehumet.
 12216 | D:11     | Found a snail-covered altar of Cheibriados.
 12248 | D:11     | Reached skill level 1 in Armour
 12256 | D:11     | Noticed Umoon's ghost (journeyman DrSk)
 12282 | D:11     | Killed Umoon's ghost
 12903 | Lair:1   | Entered Level 1 of the Lair of Beasts
 12935 | Lair:1   | Identified the ring of Satyriasis {rPois AC+3 Str+4 Int+2 SInv} (You found it in a labyrinth)
 12952 | Lair:1   | Reached XP level 12. HP: 31/76 MP: 8/26
 13182 | Lair:1   | Got a scorched diamond amulet
 13183 | Lair:1   | Identified the amulet of Riyloploug {+Rage Slay+2 SInv} (You found it on level 1 of the Lair of Beasts)
 13515 | Lair:1   | Reached skill level 1 in Fire Magic
 13822 | Lair:1   | Reached ***** piety under Vehumet
 13825 | Lair:1   | Offered knowledge of Bolt of Magma by Vehumet.
 14639 | Lair:2   | Found a staircase to the Shoals.
 14702 | Lair:2   | Learned a level 5 spell: Bolt of Magma
 14811 | Lair:2   | Reached skill level 5 in Armour
 14812 | Lair:2   | Offered knowledge of Venom Bolt by Vehumet.
 14812 | Lair:2   | Reached skill level 12 in Earth Magic
 15123 | Lair:2   | Reached XP level 13. HP: 80/80 MP: 17/28
 15458 | Lair:2   | Found a staircase to the Snake Pit.
 16337 | Lair:3   | Identified the cursed +0 robe "Rocusup" {+Blink rF+ rCorr Int+2} (You found it on level 3 of the Lair of Beasts)
 17244 | Lair:4   | Reached skill level 10 in Conjurations
 18200 | Lair:5   | Reached skill level 1 in Poison Magic
 18640 | Lair:5   | Offered knowledge of Bolt of Draining by Vehumet.
 18964 | Lair:6   | Entered Level 6 of the Lair of Beasts
 19662 | Lair:6   | Reached skill level 5 in Dodging
 19815 | Lair:6   | Reached skill level 5 in Fire Magic
 19953 | Lair:6   | Reached skill level 13 in Earth Magic
 20142 | Lair:6   | Reached skill level 1 in Shields
 20177 | Lair:6   | Gained mutation: Your large and strong wings let you fly indefinitely. [Gargoyle growth]
 20177 | Lair:6   | Reached XP level 14. HP: 85/86 MP: 22/30
 20497 | Lair:6   | Noticed a dire elephant
 20652 | Lair:5   | Killed a dire elephant
 21040 | Lair:6   | Learned a level 6 spell: Iron Shot
 21331 | Lair:6   | Found a staircase to the Slime Pits.
 21575 | D:12     | Offered knowledge of Orb of Destruction by Vehumet.
 21598 | D:12     | Found Ogieg's Assorted Antiques.
 21669 | D:12     | Bought a potion of heal wounds for 130 gold pieces
 21669 | D:12     | Bought a potion of curing for 78 gold pieces
 21669 | D:12     | Bought a potion of curing for 78 gold pieces
 21669 | D:12     | Bought a scroll of enchant armour for 195 gold pieces
 21669 | D:12     | Bought a scroll of blinking for 195 gold pieces
 22168 | D:13     | Reached skill level 5 in Shields
 22179 | D:13     | Gained mutation: Your skin changes colour to match your surroundings (Stealth+). [potion of mutation]
 22179 | D:13     | Gained mutation: Your movements are slightly less encumbered by armour. (ER -2) [potion of mutation]
 22179 | D:13     | Gained mutation: [Scrolls take you a little longer to read.] [potion of mutation]
 22179 | D:13     | Gained mutation: You have a pair of small horns on your head. [potion of mutation]
 22180 | D:13     | Lost mutation: Your movements are slightly less encumbered by armour. (ER -2) [potion of mutation]
 22180 | D:13     | Lost mutation: [Scrolls take you a little longer to read.] [potion of mutation]
 22180 | D:13     | Lost mutation: You have a pair of small horns on your head. [potion of mutation]
 22180 | D:13     | Gained mutation: You are clumsy. (Dex -2) [potion of mutation]
 22180 | D:13     | Gained mutation: Your mind is acute. (Int +2) [potion of mutation]
 22180 | D:13     | Gained mutation: You expend magic power (3 MP) to strengthen your wands. [potion of mutation]
 22180 | D:13     | Gained mutation: You have sharp fingernails. [potion of mutation]
 22599 | D:13     | Found a gate to the Vaults.
 22637 | D:13     | Found Jiuf Dac's Weapon Boutique.
 22768 | D:13     | Noticed Rupert
 22787 | D:13     | Killed Rupert
 23145 | D:14     | Offered knowledge of Bolt of Fire by Vehumet.
 23453 | D:14     | Reached skill level 5 in Poison Magic
 23687 | D:14     | Identified the +5 ring mail of Temperance {Str+2} (You took it off a kobold on level 14 of the Dungeon)
 23911 | D:14     | Noticed Kirke
 24077 | D:14     | Killed Kirke
 24077 | D:14     | Reached skill level 5 in Maces & Flails
 24221 | D:14     | Reached XP level 15. HP: 89/92 MP: 32/32
 24518 | D:15     | Entered Level 15 of the Dungeon
 24807 | D:15     | Found Vatusku's Magic Scroll Emporium.
 24810 | D:15     | Bought a scroll of enchant armour for 120 gold pieces
 24810 | D:15     | Bought a scroll of remove curse for 48 gold pieces
 24810 | D:15     | Bought a scroll of teleportation for 48 gold pieces
 24810 | D:15     | Bought a scroll of identify for 32 gold pieces
 24826 | D:15     | Found a shattered altar of Ashenzari.
 24838 | D:15     | Reached skill level 14 in Earth Magic
 24877 | D:15     | Learned a level 6 spell: Bolt of Fire
 24986 | D:15     | Found a staircase to the Depths.
 25544 | D:15     | Offered knowledge of Conjure Ball Lightning by Vehumet.
 25729 | Orc:1    | Entered Level 1 of the Orcish Mines
 25856 | Orc:1    | Found a roughly hewn altar of Beogh.
 25987 | Orc:2    | Entered Level 2 of the Orcish Mines
 26023 | Orc:2    | Reached ****** piety under Vehumet
 26250 | Orc:2    | Reached skill level 10 in Fighting
 26520 | Orc:2    | Offered knowledge of Bolt of Cold by Vehumet.
 26590 | Orc:2    | Found a staircase to the Elven Halls.
 26944 | Orc:2    | Found a roughly hewn altar of Beogh.
 27198 | Orc:2    | Found Numypic's Food Emporium.
 27209 | Orc:2    | Found Anaymits's Food Shoppe.
 27572 | Orc:2    | Found Xeloriry's Distillery.
 27630 | Orc:2    | Noticed an orc warlord
 27860 | Orc:2    | Killed an orc warlord
 28034 | Orc:2    | Bought a potion of heal wounds for 50 gold pieces
 28034 | Orc:2    | Bought 2 potions of magic for 160 gold pieces
 28034 | Orc:2    | Bought a potion of curing for 30 gold pieces
 28034 | Orc:2    | Bought a potion of agility for 40 gold pieces
 28034 | Orc:2    | Bought a potion of agility for 40 gold pieces
 28034 | Orc:2    | Bought a potion of heal wounds for 50 gold pieces
 28034 | Orc:2    | Bought a potion of brilliance for 40 gold pieces
 28045 | Orc:2    | Found a roughly hewn altar of Beogh.
 28303 | Orc:2    | Found Morucoe's General Store.
 28329 | Orc:2    | Bought the +0 cloak "Erahe" {rC++ MR+} for 415 gold pieces
 28329 | Orc:2    | Bought a scroll of enchant armour for 90 gold pieces
 28546 | Snake:1  | Entered Level 1 of the Snake Pit
 28877 | Snake:1  | Offered knowledge of Lehudib's Crystal Spear by Vehumet.
 28877 | Snake:1  | Offered knowledge of Fire Storm by Vehumet.
 28877 | Snake:1  | Offered knowledge of Chain Lightning by Vehumet.
 29590 | Shoals:1 | Entered Level 1 of the Shoals
 29934 | Shoals:1 | Reached XP level 16. HP: 74/97 MP: 10/33
 30438 | Elf:1    | Entered Level 1 of the Elven Halls
 30717 | Elf:1    | Found a huge runed gate.
 30717 | Elf:1    | Found a huge runed gate.
 30717 | Elf:1    | Found a huge runed gate.
 30717 | Elf:1    | Found a huge runed gate.
 30798 | Elf:1    | Found a huge runed gate.
 30798 | Elf:1    | Found a huge runed gate.
 30801 | Elf:1    | Found a huge runed gate.
 30805 | Elf:1    | Found a huge runed gate.
 30932 | Elf:1    | Found a huge runed gate.
 30932 | Elf:1    | Found a huge runed gate.
 30932 | Elf:1    | Found a huge runed gate.
 30932 | Elf:1    | Found a huge runed gate.
 30932 | Elf:1    | Found a huge runed gate.
 30937 | Elf:1    | Found a huge runed gate.
 30937 | Elf:1    | Found a huge runed gate.
 30937 | Elf:1    | Found a huge runed gate.
 30937 | Elf:1    | Found a huge runed gate.
 30937 | Elf:1    | Found a huge runed gate.
 30937 | Elf:1    | Found a huge runed gate.
 30971 | Elf:1    | Found a magical portal.
 30980 | WizLab   | Entered The Hall of the Hellbinder
 31032 | Elf:1    | Found a huge runed gate.
 31032 | Elf:1    | Found a huge runed gate.
 31033 | Elf:1    | Found a huge runed gate.
 31036 | Elf:1    | Found a huge runed gate.
 31037 | Elf:1    | Found a huge runed gate.
 31039 | Elf:1    | Found a huge runed gate.
 31040 | Elf:1    | Found a huge runed gate.
 31138 | Elf:1    | Reached skill level 10 in Fire Magic
 31527 | Elf:1    | Reached skill level 15 in Earth Magic
 31538 | Elf:1    | Identified the Grimoire of Battle Magic
 31646 | Elf:1    | Found a huge runed gate.
 31647 | Elf:1    | Found a huge runed gate.
 31740 | Elf:1    | Noticed a deep elf blademaster
 31740 | Elf:1    | Noticed a deep elf blademaster
 31741 | Elf:1    | Noticed a deep elf blademaster
 31767 | Elf:1    | Noticed a Brimstone Fiend
 31767 | Elf:1    | Killed a deep elf blademaster
 31987 | Elf:1    | Noticed a Hell Sentinel
 31988 | Elf:1    | Killed a deep elf blademaster
 31988 | Elf:1    | Cast into level 2 of the Abyss (a deep elf demonologist)
 32269 | Abyss:2  | Gained mutation: [You are weak. (Str -2)] [a neqoxec]
 32593 | Abyss:2  | Noticed a tentacled starspawn
 32606 | Abyss:2  | Killed a tentacled starspawn
 32607 | Abyss:2  | Paralysed by accursed screaming for 2 turns
 32608 | Abyss:2  | Slain by a large abomination

Skill      XL: |  1  2  3  4  5  6  7  8  9 10 11 12 13 14 15 16 |
---------------+-------------------------------------------------+-----
Earth Magic    | 4 5 6 7 8 9 10 11 12 13 14 15 | 15.3
Spellcasting   | 3 4 5 6 7 9 10 11 12 13 14 | 14.0
Conjurations   | 3 5 7 8 9 10 11 | 11.8
Fighting       | 2 4 7 9 10 | 10.0
Maces & Flails | 2 3 4 5 6 |  6.0
Armour         | 2 5 6 |  6.0
Dodging        | 3 5 6 7 |  7.4
Fire Magic     | 3 5 6 9 10 | 10.6
Poison Magic   | 2 5 |  5.2
Shields        | 1 5 |  5.0
Stealth        | |  2.2
Transmutations | |  0.7

Action                   |  1- 3 |  4- 6 |  7- 9 | 10-12 | 13-15 | 16-18 || total
-------------------------+-------+-------+-------+-------+-------+-------++-------
Melee: Unarmed           |    18 |       |       |       |       |       ||    18
       Dagger            |    51 |    32 |       |       |       |       ||    83
       Flail             |       |    23 |   252 |   364 |   851 |   114 ||  1604
 Cast: Sandblast         |    25 |    33 |    54 |   103 |   104 |    37 ||   356
       Stone Arrow       |       |    14 |    12 |    73 |   159 |    36 ||   294
       Lee's Rapid Decon |       |       |     7 |    41 |    61 |    27 ||   136
       Mephitic Cloud    |       |       |       |    23 |    78 |     9 ||   110
       Sticky Flame      |       |       |       |     4 |    49 |    16 ||    69
       Blink             |       |       |       |     2 |     1 |       ||     3
       Bolt of Magma     |       |       |       |     5 |    40 |    24 ||    69
       Iron Shot         |       |       |       |       |    41 |    14 ||    55
       Bolt of Fire      |       |       |       |       |    17 |    10 ||    27
 Abil: Fly               |       |       |       |       |     1 |       ||     1
Evoke: Wand              |       |       |       |     4 |       |     1 ||     5
  Use: Potion            |     3 |     3 |     4 |     4 |     6 |     7 ||    27
       Scroll            |     2 |     8 |     5 |    16 |    16 |     8 ||    55
 Stab: Sleeping          |     2 |     3 |     3 |     1 |     7 |     1 ||    17
       Confused          |       |       |       |     6 |    15 |       ||    21
       Distracted        |       |       |       |     1 |     3 |       ||     4
  Eat: Chunk             |     1 |     8 |    18 |    23 |    45 |     6 ||   101
       Ration            |       |       |       |     2 |     6 |     2 ||    10
Armor: Robe              |    24 |    23 |   135 |   314 |   244 |       ||   740
       Leather armour    |       |       |       |       |   361 |   129 ||   490
Dodge: Dodged            |    61 |    40 |   214 |   339 |   715 |   120 ||  1489
Block: Buckler           |       |       |       |       |   194 |    62 ||   256
